 Dungeon Crawl Stone Soup version 0.28.0-43-g3370ac3207 (webtiles) character file.

Game seed: 16699953301672889751

67 fknight the Chopper (level 4, -2/40 HPs)
             Began as a Hill Orc Monk on Mar 2, 2022.
             Slain by Sigmund
             ... wielding a +0 scythe
              (8 damage)
             ... on level 2 of the Dungeon.
             The game lasted 00:05:03 (1911 turns).

fknight the Chopper (Hill Orc Monk)                 Turns: 1911, Time: 00:05:04

Health: -2/40      AC:  5    Str: 15    XL:     4   Next: 16%
Magic:  4/4        EV: 11    Int: 10    God:
Gold:   59         SH:  0    Dex: 13    Spells: 3/3 levels left

rFire   . . .      SeeInvis .   a - +0 hand axe
rCold   . . .      Faith    .   (no shield)
rNeg    . . .      Spirit   .   e - +0 ring mail
rPois   +          Reflect  .   (no helmet)
rElec   .          Harm     .   (no cloak)
rCorr   .          Rampage  .   (no gloves)
Will    .....                   (no boots)
Stlth   +.........              (no amulet)
HPRegen 0.13/turn               k - ring "Fosaomoe" {+Blink rPois}
MPRegen 0.09/turn               (no ring)

@: no status effects
A: no striking features
a: Evoke Blink


You were on level 2 of the Dungeon.
You visited 1 branch of the dungeon, and saw 2 of its levels.

You collected 59 gold pieces.

Inventory:

Hand Weapons
 a - a +0 hand axe (weapon)
 i - a +0 hunting sling
Missiles
 d - 9 poisoned darts (quivered)
 h - 22 arrows
 j - 32 stones
Armour
 b - a +0 robe
 e - a +0 ring mail (worn)
Jewellery
 k - the ring "Fosaomoe" (left hand) {+Blink rPois}
   (You found it on level 2 of the Dungeon)

   [ring of poison resistance]

   rPois:     It protects you from poison.
   +Blink:    It lets you blink.
Scrolls
 l - 2 scrolls of identify {unknown}


   Skills:
 + Level 4.2 Fighting
 + Level 4.7 Axes
 + Level 2.9 Dodging
 + Level 2.3 Stealth


You had 3 spell levels left.
You didn't know any spells.
Your spell library was empty.

Dungeon Overview and Level Annotations

Branches:
Dungeon (2/15)

Altars:
Gozag

Annotations:
D:2 Sigmund


Message History

You barely miss Sigmund.
Sigmund is lightly wounded.
Sigmund hits you with a +0 scythe.
You hit Sigmund.
Sigmund is moderately wounded.
The kobold throws a stone.
The stone hits you but does no damage. Sigmund hits you with a +0 scythe!
You hit Sigmund.
Sigmund is moderately wounded.
You miss the kobold. The kobold hits you with a +0 whip.
You barely miss Sigmund.
Sigmund is moderately wounded.
You hit the kobold but do no damage. Sigmund hits you with a +0 scythe.
* * * LOW HITPOINT WARNING * * *
The kobold barely misses you.
You hit Sigmund but do no damage.
Sigmund is moderately wounded.
You hit the kobold.
Sigmund screams, "Die, monster!"
Sigmund hits you with a +0 scythe.
* * * LOW HITPOINT WARNING * * *
The kobold hits you with a +0 whip.
* * * LOW HITPOINT WARNING * * *
It was a potion of haste.
You feel yourself speed up. The kobold hits you but does no damage.
It was a potion of cancellation.
Your magical effects are unravelling.
You feel magically purged.
You feel yourself slow down.
Sigmund casts a spell.
Sigmund flickers and vanishes!
Deactivating autopickup; reactivate with Ctrl-A.
As you read the scroll labelled YDWAAL HISU, it crumbles to dust.
The scroll dissolves into smoke.
It was a scroll of fog.
The kobold hits you but does no damage. Something hits you.
* * * LOW HITPOINT WARNING * * *
You hit the kobold.
You kill the kobold!
You hit something but do no damage. Something hits you!
You die...

#<# #.#.####........... #.#
##...#.(............
#.######...##.#.........##.
#.#..............#####.....
#.##...##..#.....## ..#..
#.##.......(....... .....
....(...§§§........ .....
........§§§{§......
........§§@§.......
.......##§§§§...... ....(..
#.§§.!..... ......
.§......(.. .....
.###(.....(. .... ##
##......( ...> ###[.# .##


There were no monsters in sight!

Vanquished Creatures
  3 adders (D:2)
  3 dart slugs (D:2)
  An endoplasm (D:1)
  2 giant cockroaches
  5 hobgoblins
  5 quokkas
  3 ball pythons
  3 bats (D:1)
  3 frilled lizards
  2 goblins
  2 kobolds (D:2)
  2 rats
34 creatures vanquished.

Notes
Turn   | Place    | Note
-------+----------+-------------------------------------------
     0 | D:1      | fknight the Hill Orc Monk began the quest for the Orb.
     0 | D:1      | Reached XP level 1. HP: 19/19 MP: 1/1
   247 | D:1      | Found an opulent altar of Gozag.
   351 | D:1      | Reached XP level 2. HP: 27/27 MP: 2/2
  1335 | D:2      | Identified the ring "Fosaomoe" {+Blink rPois}
  1353 | D:2      | Reached XP level 3. HP: 33/33 MP: 3/3
  1729 | D:2      | Found a faded altar of an unknown god.
  1732 | D:2      | Reached XP level 4. HP: 40/40 MP: 4/4
  1886 | D:2      | Noticed Sigmund
  1911 | D:2      | Slain by Sigmund

Illustrated notes

Levels and vault maps discovered:
D:1:      dpeg_arrival_pits, layout_basic, minmay_hexomino_r4
D:2:      layout_rooms, dreamdust_ecumenical_altar_angels_and_demons,
          minmay_3d_cube, uniq_sigmund

Skill      XL: |  1  2 |
---------------+-------+-----
Stealth        | 2 |  2.3
Fighting       | 4 |  4.2
Axes           | |  4.7
Dodging        | |  2.9

Action                   |  1- 3 |  4- 6 || total
-------------------------+-------+-------++-------
Melee: Hand axe          |    73 |    14 ||    87
       Punch             |     1 |       ||     1
 Fire: Hunting sling     |    21 |    12 ||    33
  Use: Potion            |       |     2 ||     2
       Scroll            |       |     1 ||     1
 Stab: Sleeping          |     1 |       ||     1
Armor: Robe              |     7 |       ||     7
       Ring mail         |    21 |     5 ||    26
Dodge: Dodged            |    48 |     8 ||    56
